 Dungeon Crawl Stone Soup version 0.31-a0-920-g28cbb04a8c (webtiles) character file.

Game seed: 17946874501806310616

434 Xavori the Trooper (level 7, -2/50 HPs)
             Began as an Octopode Chaos Knight on Oct 17, 2023.
             Was a Plaything of Xom.
             Slain by Edmund
             ... wielding a +2 flail of holy wrath
              (6 damage)
             ... on level 5 of the Dungeon.
             The game lasted 00:04:17 (11669 turns).

Xavori the Trooper (Octopode Chaos Knight)         Turns: 11669, Time: 00:04:17

Health: -2/50      AC:  5    Str: 12    XL:     7   Next: 0%
Magic:  7/7        EV: 14    Int: 14    God:    Xom [*.....]
Gold:   229        SH:  0    Dex: 13    Spells: 6/6 levels left

rFire   . . .        e - +4 rapier
rCold   . . .        (no shield)
rNeg    . . .        (helmet restricted)
rPois   +            (no amulet)
rElec   .            (no ring)
rCorr   .            (no ring)
SInv    .            (no ring)
Will    +....        (no ring)
Stlth   ++           (no ring)
HPRegen 0.28/turn    (no ring)
MPRegen 0.10/turn    (no ring)
                     (no ring)

%: no passive effects
@: no status effects
A: almost no armour, amphibious, 8 rings, camouflage 1, gelatinous body 1,
(nimble swimmer 1), tentacles, iridescent scales 2, strong-willed 1, poison
resistance, inability to drink after injury 1
a: Renounce Religion


You were on level 5 of the Dungeon.
You worshipped Xom.
You were a special plaything of Xom.
You visited 1 branch of the dungeon, and saw 5 of its levels.

You collected 229 gold pieces.

Inventory:

Hand Weapons
 a - a +0 short sword of chaos
 e - a +4 rapier (weapon)
Missiles
 p - 3 poisoned darts (quivered)
Scrolls
 b - a scroll of butterflies
 c - a scroll of fog {unknown}
 f - 4 scrolls of identify {unknown}
 g - a scroll of teleportation {unknown}
 h - a scroll of torment {unknown}
 i - a scroll of enchant weapon {unknown}
 l - a scroll of noise {unknown}
 n - a scroll of brand weapon {unknown}
 o - 2 scrolls of fear {unknown}
Potions
 d - a potion of degeneration {unknown}
 j - 2 potions of heal wounds {unknown}
 m - 2 potions of curing {unknown}


   Skills:
 + Level 5.0 Fighting
 + Level 5.0 Short Blades
 + Level 4.5 Dodging


You had 6 spell levels left.
You didn't know any spells.
Your spell library contained the following spells:

 Spells                   Type           Power      Damage    Failure   Level
 Magic Dart               Conj           0%         1d3       28%         1
 Slow                     Hex            0%         N/A       28%         1
 Call Imp                 Summ           0%         N/A       41%         2
 Ensorcelled Hibernation  Hex/Ice        0%         N/A       41%         2
 Passwall                 Tmut/Erth      0%         N/A       41%         2
 Confusing Touch          Hex            0%         N/A       65%         3
 Mephitic Cloud           Conj/Pois/Air  0%         N/A       65%         3
 Sigil of Binding         Hex            0%         N/A       65%         3
 Swiftness                Air            0%         N/A       65%         3
 Vampiric Draining        Necr           0%         2d6       65%         3


Dungeon Overview and Level Annotations

Branches:
Dungeon (5/15)             Temple (0/1) D:4

Altars:
Elyvilon
Gozag

Annotations:
D:5 Edmund


Innate Abilities, Weirdness & Mutations

You cannot wear most types of armour.
You are amphibious.
You can wear up to eight rings at the same time.
Your skin changes colour to match your surroundings (Stealth+).
Your rubbery body absorbs attacks. (AC +1, EV +1)
((You are camouflaged when in or above water. (Stealth+)))
You have tentacles for arms and can constrict up to eight enemies at once.
You are mostly covered in iridescent scales. (AC +4)
You are strong-willed. (Will+)
Your system is resistant to poisons. (rPois)
You occasionally lose the ability to drink potions when taking damage.


Message History

The scorpion is moderately wounded.
You constrict the gnoll. You constrict the scorpion.
You feel sick. The scorpion closely misses you. The gnoll misses you.
Edmund hits you with a +2 flail of holy wrath!
* * * LOW HITPOINT WARNING * * *
Unknown command.
You're too confused to move!
You constrict the gnoll.
You kill the gnoll!
You constrict the scorpion.
You feel sick. The scorpion barely misses you.
Edmund hits you with a +2 flail of holy wrath.
* * * LOW HITPOINT WARNING * * *
The scorpion completely misses you.
Your Short Blades skill increases to level 5!
You have reached level 7!
You release your grip on the scorpion.
You feel sick. Edmund attacks as he pursues you! Edmund barely misses you.
The scorpion misses you.
You feel less invigorated.
You feel less confused.
You feel sick.
Unknown command.
You hit the scorpion. You grab the scorpion.
The scorpion is severely wounded.
You constrict the scorpion.
You feel sick. Edmund barely misses you. The scorpion barely misses you.
You hit the scorpion but do no damage.
The scorpion is almost dead.
You constrict the scorpion, but do no damage.
You feel sick.
You are no longer poisoned.
The scorpion stings you.
* * * LOW HITPOINT WARNING * * *
Edmund closely misses you. The scorpion stings you.
* * * LOW HITPOINT WARNING * * *
You hit the scorpion.
You kill the scorpion!
Edmund hits you with a +2 flail of holy wrath.
You die...
Edmund says, "That'll show my brother!"
Xom giggles madly!

#...#+++#. #.........
#......... #.........
#......... #.).......
##..).....#
##.@†......#
###..@#......#
#####...###..##...
#######.....### ...# .[
#............# ..## .
#.##......##.# ...
#.###....## ..# ....
#..###..###...#......##
#...######........ ..##
#....# #.....#..###....


You could see Edmund.

Vanquished Creatures
  2 scorpions
  A hound (D:5)
  2 iguanas (D:5)
  Natasha (thrice) (D:4)
  10 gnolls
  4 adders
  3 dart slugs
  2 orcs
  7 bats
  3 endoplasms
  2 giant cockroaches
  3 goblins
  7 hobgoblins
  6 jackals
  7 kobolds
  3 quokkas
  9 ball pythons
  3 frilled lizards
  8 rats
85 creatures vanquished.

Notes
Turn   | Place    | Note
-------+----------+-------------------------------------------
     0 | D:1      | Xavori the Octopode Chaos Knight began the quest for the
                  | Orb.
     0 | D:1      | Reached XP level 1. HP: 16/16 MP: 1/1
    53 | D:1      | Reached XP level 2. HP: 21/21 MP: 2/2
    96 | D:1      | XOM: silly message
   169 | D:1      | XOM: divination: detect items
   222 | D:1      | XOM: silly message
   328 | D:1      | Reached XP level 3. HP: 25/26 MP: 3/3
   506 | D:1      | XOM: divination: detect items
   547 | D:1      | XOM: summons 1 hostile shadow creature
   580 | D:1      | Found a faded altar of an unknown god.
   978 | D:1      | XOM is BORED!
  1349 | D:1      | XOM: give mutations
  1349 | D:1      | Gained mutation: Your system is resistant to poisons.
                  | (rPois) [Xom's grace]
  1349 | D:1      | Gained mutation: You are partially covered in iridescent
                  | scales. (AC +2) [Xom's grace]
  1349 | D:1      | Gained mutation: You are strong-willed. (Will+) [Xom's
                  | grace]
  1349 | D:1      | Gained mutation: Your spells are a little harder to cast,
                  | but a little more powerful. [Xom's grace]
  1438 | D:1      | XOM: summons 2 hostile demons
  2230 | D:1      | XOM: give mutations
  2230 | D:1      | Gained mutation: One of your tentacles bears a spike.
                  | [Xom's grace]
  2230 | D:1      | Gained mutation: You are robust. (+10% HP) [Xom's grace]
  2441 | D:1      | XOM: divination: detect items
  3068 | D:1      | XOM: noise
  3747 | D:1      | XOM: noise
  4240 | D:1      | XOM is BORED!
  5816 | D:1      | XOM: summons 2 hostile demons
  6772 | D:1      | XOM: summons 3 hostile shadow creatures
  7335 | D:1      | XOM: silly message
  7466 | D:1      | XOM: summons 2 hostile shadow creatures
  8001 | D:1      | XOM: give mutation
  8001 | D:1      | Gained mutation: Your flesh is cold resistant. (rC+) [Xom's
                  | mischief]
  9410 | D:2      | XOM is BORED!
  9738 | D:2      | Reached XP level 4. HP: 31/36 MP: 4/4
 10066 | D:3      | XOM is BORED!
 10066 | D:3      | XOM: stat loss: -1 Int (13/14)
 10448 | D:3      | XOM: give mutations
 10448 | D:3      | Gained mutation: You occasionally lose the ability to drink
                  | potions when taking damage. [Xom's mischief]
 10448 | D:3      | Lost mutation: Your spells are a little harder to cast, but
                  | a little more powerful. [Xom's mischief]
 10448 | D:3      | Lost mutation: You are robust. (+10% HP) [Xom's mischief]
 10448 | D:3      | Lost mutation: Your flesh is cold resistant. (rC+) [Xom's
                  | mischief]
 10544 | D:4      | Noticed a scorpion
 10548 | D:4      | XOM: summons friendly iron imp
 10552 | D:4      | Killed a scorpion
 10553 | D:4      | Reached XP level 5. HP: 35/37 MP: 5/5
 10559 | D:4      | XOM: polymorph iron imp -> crimson imp
 10582 | D:4      | Found an opulent altar of Gozag.
 10794 | D:4      | Noticed an orc warrior
 10936 | D:4      | XOM: give mutations
 10936 | D:4      | Gained mutation: You have hidden genetic potential. [Xom's
                  | mischief]
 10936 | D:4      | Lost mutation: You have hidden genetic potential. [Xom's
                  | mischief]
 10936 | D:4      | Lost mutation: One of your tentacles bears a spike. [Xom's
                  | mischief]
 10936 | D:4      | Gained mutation: You are mostly covered in iridescent
                  | scales. (AC +4) [Xom's mischief]
 10994 | D:4      | Noticed Natasha
 11000 | D:4      | Killed Natasha
 11001 | D:4      | Reached XP level 6. HP: 29/44 MP: 6/6
 11038 | D:4      | XOM: summons 4 hostile demons
 11242 | D:4      | Noticed Natasha
 11250 | D:4      | Killed Natasha
 11251 | D:4      | XOM: summons 1 hostile demon
 11309 | D:4      | Found a staircase to the Ecumenical Temple.
 11310 | D:4      | Noticed Natasha
 11317 | D:4      | Killed Natasha
 11445 | D:5      | Entered Level 5 of the Dungeon
 11511 | D:5      | Found a white marble altar of Elyvilon.
 11595 | D:5      | Reached skill level 5 in Fighting
 11654 | D:5      | Noticed Edmund
 11665 | D:5      | Reached skill level 5 in Short Blades
 11665 | D:5      | Reached XP level 7. HP: 9/50 MP: 7/7
 11669 | D:5      | Slain by Edmund

Illustrated notes

Levels and vault maps discovered:
D:1:      amcnicky_arrival_choice, layout_rooms,
          shapermc_ecumenical_altar_hornbeckon
D:2:      layout_basic
D:3:      layout_rooms, st_stairs_4, columned_hall_lemuel
D:4:      layout_loops_cross, nicolae_gozag_seed_capital, temple_green,
          uniq_natasha
D:5:      layout_cave_pools, elyvilon_altar_4, serial_gnoll_camp,
          gnoll_camp_mini_loothouse, gnoll_camp_mini_sergeant,
          gnoll_camp_medium_01, gnoll_camp_mini_house, gnoll_camp_huts_basic,
          gnoll_camp_mini_shop, minivault_19, uniq_crazy_yiuf_cottage,
          uniq_edmund

Skill      XL: |  1  2  3  4  5  6 |
---------------+-------------------+-----
Dodging        | 3 4 |  4.5
Fighting       | 4 5 |  5.0
Short Blades   | 4 5 |  5.0

Action                     |  1- 3 |  4- 6 |  7- 9 || total
---------------------------+-------+-------+-------++-------
  Melee: Short sword       |    34 |       |       ||    34
         Constrict         |    23 |    28 |     1 ||    52
         Tentacles         |    11 |    23 |       ||    34
         Rapier            |    49 |   101 |     3 ||   153
         Kick              |     7 |    11 |       ||    18
         Punch             |     1 |     3 |       ||     4
    Use: Scroll            |       |     1 |       ||     1
         Potion            |       |     1 |       ||     1
   Stab: Sleeping          |     3 |     6 |       ||     9
 Armour: Skin              |    48 |    62 |     3 ||   113
  Dodge: Dodged            |    78 |    75 |     5 ||   158

Table legend: (Time is in decaauts)
 A = Elapsed time spent in this place.
 B = Non-inter-level travel time spent in this place.
 C = Inter-level travel time spent in this place.
 D = Time resting spent in this place.
 E = Time spent auto-exploring this place.
 F = Levels seen in this place.
 G = Mean time per level.
                   A        B        C        D        E       F      G
               +--------+--------+--------+--------+--------+-----+--------+
         Total |  11666 |  11562 |    104 |   8831 |   2129 |   5 | 2333.2 |
       Dungeon |  11666 |  11562 |    104 |   8831 |   2129 |   5 | 2333.2 |
               +--------+--------+--------+--------+--------+-----+--------+

Top non-repeatable levels by time:
     D:1: 8592 daAuts
     D:2: 1376 daAuts
     D:4: 970 daAuts
     D:3: 505 daAuts
     D:5: 222 daAuts
